Celery, chaotic female sylph Rogue ------- ---------- |.....| .. . .. |E(_(.| -.---.--.- |.Y@..| --- ..| ..|-.| --- ----- ---%--- +.| ..--- ..---|-).--- |..----...-- |)| |.| ---+-.....-.--...[....--+- ------ |....|.....---- |.| |.|- --......--..%.............| |%%%!| -...............---)-- |(.. |.%..... |..--------|--..-- |....| |......---...........----- |%|. |...{....|--- .. .- ---|--------.... ------..........---|%| |-.......| !"!| --.---%..-|...- --...-.......-|.|---|...|....| ----- -.........|..-- --.... ---...|.--..|..---...- ...............-|---+-----.. -....|..........|-... ...{....----.............. ..........---...|... ....... --+--.--------- ...`...- ....... ....... |.|.((.| ......- .|.. ..--- |.-.(((| -...--- --|.(((| ------ Celery the Rogue Experience level: 9 Strength: 15 Dexterity: 18 Constitution: 16 Intelligence: 9 Wisdom: 10 Charisma: 12 Health: 0(74) Energy: 47(47) Def: 0 Gold: 1838 Moves: 9974 Dungeon seed: wRqM2_9TZRa5IG_R Game ID: Celery_1471002393 Your Inventory: Coins $ - 1838 gold pieces Weapons I - an uncursed +0 dagger M - an uncursed +0 elven dagger (weapon in hand) T - 2 uncursed +0 daggers (in quiver) Armor r - an uncursed +0 mummy wrapping (being worn) y - an uncursed +0 Hawaiian shirt (being worn) Comestibles O - an uncursed partly eaten cram ration V - an uncursed cram ration Rings t - an uncursed ring of invisibility (on left hand) F - an uncursed ring of sustain ability X - an uncursed +2 ring of adornment Wands l - an uncursed wand of light (0:8) P - an uncursed wand of cancellation (0:2) Q - an uncursed wand of probing (0:4) W - an uncursed wand of fire (0:3) Tools e - an uncursed +0 unicorn horn f - an uncursed lock pick g - an uncursed blindfold s - an uncursed bag of holding v - an uncursed +0 unicorn horn K - an uncursed towel R - a cursed magic lamp (lit) Contents of the bag of holding: an uncursed amulet of ESP an uncursed amulet of reflection a blessed +0 dagger 5 uncursed +0 daggers 6 uncursed food rations an uncursed scroll of blank paper 2 uncursed scrolls of charging a blessed scroll of confuse monster an uncursed scroll of destroy armor a cursed scroll of destroy armor a blessed scroll of earth an uncursed scroll of earth an uncursed scroll of enchant weapon an uncursed scroll of fire a cursed scroll of identify an uncursed scroll of light an uncursed scroll of punishment 2 uncursed scrolls of remove curse 4 uncursed scrolls of scare monster a blessed scroll of teleportation an uncursed scroll of teleportation an uncursed scroll of water an uncursed spellbook of fireball an uncursed potion of confusion an uncursed potion of fruit juice a cursed potion of full healing an uncursed potion of gain ability 2 uncursed potions of gain energy an uncursed potion of healing an uncursed potion of levitation a cursed potion of monster detection an uncursed potion of object detection an uncursed potion of paralysis a cursed potion of see invisible an uncursed potion of sickness an uncursed potion of sleeping a blessed potion of speed 2 uncursed potions of water an uncursed wand of make invisible (0:3) an uncursed wand of opening (0:5) an uncursed wand of opening (0:3) an uncursed wand of sleep (0:5) an uncursed wand of slow monster (0:7) an uncursed wand of striking (0:3) an uncursed wand of striking (0:3) an uncursed sack 2 uncursed jade stones a cursed jasper stone 3 uncursed worthless pieces of black glass 2 uncursed worthless pieces of blue glass a cursed worthless piece of blue glass 3 uncursed worthless pieces of green glass 2 uncursed worthless pieces of orange glass an uncursed worthless piece of violet glass 2 uncursed worthless pieces of white glass 2 uncursed worthless pieces of yellow glass an uncursed worthless piece of yellowish brown glass Spells and supernatural/magical abilities: Name Level Category Fail Memory W - pray for help -- divine ? -- Your skills at the end: Miscellaneous Skills wands [Basic] Weapon Skills dagger [Expert] short sword [Basic] Spellcasting Skills healing spells [Basic] Final Attributes: You were piously aligned. You were poison resistant. You saw invisible. You had infravision. You were visible. You were displaced. You were stealthy. You were protected from shape changers. You are dead. Vanquished creatures: a ghost 2 giant mimics a large mimic 2 small mimics 2 leprechauns 2 lizards 2 gold golems a housecat a dwarf lord 4 blue jellies a water nymph 2 gray unicorns a gnome mummy an ape a human zombie 2 fire ants a Mordor orc 2 Uruk-hai 2 rock piercers a pony 2 fog clouds 3 shriekers a violet fungus 9 gnome lords 2 gnomish wizards 2 red naga hatchlings 2 black naga hatchlings 2 golden naga hatchlings 2 straw golems 4 giant ants a little dog 2 floating eyes a kitten 9 dwarves a kobold lord 5 kobold shamans 5 iguanas a hill orc 6 rothes 2 rabid rats 2 giant bats 2 monkeys 2 dwarf zombies a wererat 3 werejackals 2 killer bees 4 coyotes a gas spore 2 hobbits an acid blob a large kobold a gecko a hobgoblin 6 giant rats 7 cave spiders 2 brown molds 3 green molds 2 red molds 20 gnomes 2 garter snakes 2 manes 4 gnome zombies 23 jackals 4 foxes 6 kobolds 14 newts 2 goblins 6 sewer rats 19 grid bugs 4 bats 8 lichens 5 kobold zombies 256 creatures vanquished. Voluntary challenges: You were vegetarian. You had followed a strict vegan diet until turn 2814. You used a wielded weapon 333 times, starting on turn 32. You did not apply a unicorn horn. You read items or engraved 17 times, starting on turn 1346. You never genocided any monsters. You never polymorphed an object. You never changed form. You cheated 2 times but completed Sokoban on turn 7621. You used no wishes. You never split a pudding. You never wrote Elbereth's name. You never violated your personal moral code. Dungeon overview: The Dungeons of Doom: levels 1 to 6 Level 1 an altar to Mog, some fountains a long staircase Level 2 a scroll shop stairs to The Gnomish Mines Level 3 an armor shop Level 4 a sink Level 5 many fountains Level 6 a fountain stairs to Sokoban The Gnomish Mines: levels 3 to 6 Level 3 stairs to The Dungeons of Doom Level 4 Level 5 Level 6 <- You were here some shops, a temple to Issek, a magic chest, some fountains Sokoban: levels 2 to 5 Level 2 a magic chest Level 3 Level 4 Level 5 a magic chest stairs to The Dungeons of Doom History has recorded: On T:1 you entered the Dungeons of Doom to retrieve the Amulet of Yendor! On T:387 you reached level 2 of The Dungeons of Doom. On T:389 you advanced to experience level 2. On T:698 you advanced to experience level 3. On T:923 you reached level 3 of The Dungeons of Doom. On T:1529 you advanced to experience level 4. On T:1560 you advanced to experience level 5. On T:2214 you reached level 4 of The Dungeons of Doom. On T:2808 you reached level 5 of The Dungeons of Doom. On T:3478 you reached level 6 of The Dungeons of Doom. On T:3573 you advanced to experience level 6. On T:3876 you reached level 4 of Sokoban. On T:3975 you opened a magic chest. On T:3976 you opened a magic chest. On T:4717 you reached level 3 of Sokoban. On T:5672 you advanced to experience level 7. On T:5900 you reached level 2 of Sokoban. On T:6387 you reached level 1 of Sokoban. On T:7621 you entered the Sokoban zoo. On T:7724 you opened a magic chest. On T:7728 you opened a magic chest. On T:8023 you advanced to experience level 8. On T:8024 you received advice from The Oracle. On T:8024 you advanced to experience level 9. On T:8281 you reached level 1 of The Gnomish Mines. On T:8638 you reached level 2 of The Gnomish Mines. On T:9199 you reached level 3 of The Gnomish Mines. On T:9564 you reached level 4 of The Gnomish Mines. On T:9730 you entered the Minetown temple On T:9777 you opened a magic chest. On T:9778 you opened a magic chest. On T:9780 you opened a magic chest. On T:9946 you opened a magic chest. Score breakdown: Gold: 1838 ( 183 points) Experience: 9 levels ( 800 points) Exploration: 6 levels ( 150 points) Discoveries: 22 items ( 1100 points) Variety of kills: 72 monsters ( 2000 points) Major goal: finished Sokoban ( 1000 points) Survival: died (score multiplied by 3) Total score: 15699 Latest messages: You stab the ape. The ape claws you! (2x) The ape bites! You are now wearing a topaz ring. The ape claws you! (2x) The ape bites! You kill the ape! You stab the ape! The ape claws you! (2x) The ape bites! You begin praying to Kos. You are surrounded by a shimmering light. The ape starts to attack you, but pulls back. (3x) You feel that Kos is well-pleased. Your stomach feels content. You stab the ape. The ape claws you! (2x) The ape bites! You try to draw healing from your surroundings, but your toes cannot even feel the altar. The ape claws you! (2x) The ape bites! You die... Final status: Goodbye Celery the Rogue, killed by an ape... You died in The Gnomish Mines on dungeon level 6 with 15699 points, and 1838 pieces of gold, after 9974 moves. You were level 9 with a maximum of 74 hit points when you died.